 Dungeon Crawl Stone Soup version 0.28.0 (webtiles) character file.

Game seed: 3225172654846658195

56 Crownlay the Magician (level 4, -7/33 HPs)
             Began as a Djinni Fire Elementalist on Feb 16, 2022.
             Mangled by an iguana (12 damage)
             ... on level 4 of the Dungeon.
             The game lasted 00:05:03 (2460 turns).

Crownlay the Magician (Djinni Fire Elementalist)    Turns: 2460, Time: 00:05:04

Health: -7/33      AC:  2    Str:  7    XL:     4   Next: 15%
Gold:   108        EV: 12    Int: 19    God:
                   SH:  0    Dex: 13

rFire   + + .      SeeInvis .   (no weapon)
rCold   x . .      Faith    .   (no shield)
rNeg    . . .      Spirit   .   a - +0 robe
rPois   ∞          Reflect  .   (no helmet)
rElec   .          Harm     .   (no cloak)
rCorr   .          Rampage  .   (no gloves)
Will    .....                   (boots unavailable)
Stlth   ++........              (no amulet)
HPRegen 0.11/turn               (no ring)
MPRegen 0.00/turn               (no ring)

@: flying, very slightly contaminated
A: sickness immunity, fire resistance 2, cold vulnerability 1, float, innate
caster, HP casting, extra vitality 1
a: no special abilities


You were on level 4 of the Dungeon.
You visited 1 branch of the dungeon, and saw 3 of its levels.

You collected 108 gold pieces.

Inventory:

Armour
 a - a +0 robe (worn)
Jewellery
 f - a ring of protection from fire
Scrolls
 b - 2 scrolls of teleportation {unknown}
 c - a scroll of vulnerability {unknown}
 h - a scroll of magic mapping {unknown}
 j - a scroll of blinking {unknown}
Potions
 d - a potion of curing {unknown}
 e - a potion of might {unknown}
 g - 2 potions of cancellation {unknown}
 i - a potion of flight {unknown}


   Skills:
 * Level 2.2 Fighting
 - Level 2.1 Dodging
 - Level 1.5 Stealth
 * Level 3.1 Spellcasting


You couldn't memorise any spells.
You knew the following spells:

 Your Spells              Type           Power      Damage    Failure   Level
a - Foxfire               Conj/Fire      56%        2x1d6     4%          1
b - Scorch                Fire           28%        2d6       6%          2
c - Conjure Flame         Conj/Fire      14%        6-21      12%         3
d - Inner Flame           Hex/Fire       14%        N/A       12%         3
e - Flame Wave            Conj/Fire      14%        2d6       38%         4
f - Apportation           Tloc           28%        N/A       4%          1
Your spell library was empty.

Dungeon Overview and Level Annotations

Branches:
Dungeon (2/15)

Altars:


Innate Abilities, Weirdness & Mutations

You are immune to sickness and miasma.
You are immune to poison.
Your flesh is very heat resistant. (rF++)
You are vulnerable to cold. (rC-)
You float through the air rather than walking.
You learn spells naturally, not from books.
Your magical power is your life essence.
You have superior vitality. (+4 MHP)


Message History

The foxfire hits the iguana but does no damage.
The iguana is moderately wounded.
The foxfire hits the iguana but does no damage.
The iguana is moderately wounded.
You conjure some foxfire!
The foxfire hits the iguana but does no damage.
The iguana is moderately wounded.
The foxfire hits the iguana.
The iguana is heavily wounded.
The foxfire hits the iguana but does no damage.
The iguana is heavily wounded.
You conjure some foxfire!
The foxfire hits the iguana but does no damage.
The iguana is heavily wounded.
You miscast Foxfire.
You are very lightly contaminated with residual magic.
Nothing appears to happen.
The foxfire hits the iguana but does no damage.
The iguana is heavily wounded.
The foxfire hits the iguana.
The iguana is severely wounded.
The iguana bites you!
* * * LOW HITPOINT WARNING * * *
Casting: Foxfire (safe; 4% risk of failure)
Confirm with . or Enter, or press ? or * to list all spells.
The spell is quite dangerous to miscast (12% risk of failure)!
Continue anyway?
Okay, then.
You are too injured to fight recklessly!
Casting: Conjure Flame (quite dangerous; 12% risk of failure)
Confirm with . or Enter, or press ? or * to list all spells.
You conjure some foxfire!
* * * LOW HITPOINT WARNING * * *
The iguana closely misses you. 2 jackals come into view.
The foxfire hits the iguana but does no damage.
The iguana is severely wounded.
The foxfire hits the iguana.
The iguana is severely wounded.
The iguana bites you!
You die...

##### . #.....
.. #...... ...
....... ....##
.......
......##.......
#.§@.......
###.l.†....
###...<.(
...... .h...
..... .... h...


You could see an iguana and 2 jackals.

Vanquished Creatures
  2 adders
  A gnoll (D:1)
  A worm (D:2)
  A goblin (D:1)
  4 hobgoblins
  A jackal (D:4)
  A kobold (D:1)
  A quokka (D:1)
  3 ball pythons
  5 bats
  2 frilled lizards (D:2)
  6 rats
28 creatures vanquished.

Vanquished Creatures (others)
  125 foxfires
125 creatures vanquished.

Grand Total: 153 creatures vanquished

Notes
Turn   | Place    | Note
-------+----------+-------------------------------------------
     0 | D:1      | Crownlay the Djinni Fire Elementalist began the quest for
                  | the Orb.
     0 | D:1      | Reached XP level 1. HP: 15/15 MP: 0/0
   262 | D:1      | Reached XP level 2. HP: 22/22 MP: 0/0
   285 | D:1      | Reached skill level 1 in Fighting
   507 | D:1      | Found a faded altar of an unknown god.
   625 | D:1      | Reached XP level 3. HP: 14/27 MP: 0/0
   625 | D:1      | Learned a level 1 spell: Apportation
  1848 | D:2      | Reached skill level 3 in Spellcasting
  2428 | D:2      | You are sucked into a shaft and drop 2 floors!
  2432 | D:4      | Reached XP level 4. HP: 30/33 MP: 0/0
  2460 | D:4      | Mangled by an iguana

Illustrated notes

Levels and vault maps discovered:
D:1:      nicolae_arrival_somewhat_less_tricky_arrival, layout_basic,
          shapermc_ecumenical_altar_starsandcircs
D:2:      cheibrodos_helix_gallery, layout_basic, hex_medium
D:4:      layout_rooms, mainiacjoe_overflow_tiny_flanked,
          nicolae_gozag_zags_fifth_avenue, ebering_ghost_reflecting_pool,
          uniq_menkaure, uniq_crazy_yiuf_cottage

Skill      XL: |  1  2  3 |
---------------+----------+-----
Fighting       | 1 2 |  2.2
Spellcasting   | 3 |  3.1
Dodging        | |  2.1
Stealth        | |  1.5

Action                   |  1- 3 |  4- 6 || total
-------------------------+-------+-------++-------
Melee: Unarmed           |    10 |       ||    10
 Cast: Foxfire           |    62 |    14 ||    76
       Scorch            |     1 |       ||     1
       Conjure Flame     |     5 |       ||     5
Armor: Robe              |    10 |       ||    10
Dodge: Dodged            |    22 |     1 ||    23
